 Dungeon Crawl Stone Soup version 0.31.0-9-g3a7656b989 (webtiles) character file.

Game seed: 16170495973613901372

413 qw the Shooter (level 6, -17/30 HPs)
             Began as a Spriggan Hunter on Feb 2, 2024.
             Was an Initiate of Okawaru.
             Killed from afar by a steam dragon (21 damage)
             ... with a ball of steam
             ... on level 4 of the Dungeon.
             The game lasted 00:00:15 (2523 turns).

qw the Shooter (Spriggan Hunter)                    Turns: 2523, Time: 00:00:16

Health: -17/30     AC:  2    Str: 11    XL:     6   Next: 59%
Magic:  7/7        EV: 21    Int: 10    God:    Okawaru [......]
Gold:   168        SH:  5    Dex: 19    Spells: 5/5 levels left

rFire   . . .        a - +0 shortbow
rCold   . . .        (shield currently unavailable)
rNeg    . . .        c - +0 robe
rPois   .            (helmet restricted)
rElec   .            (no cloak)
rCorr   +            (gloves unavailable)
SInv    +            (boots unavailable)
Will    +....        b - amulet of reflection
Stlth   ++           e - ring of resist corrosion
HPRegen 0.25/turn    (no ring)
MPRegen 0.10/turn

%: reflection
@: about to teleport, very quick
A: very small, no large weapons, unfitting armour, see invisible, speed 3,
strong 1, wild magic 1
a: Renounce Religion


You were on level 4 of the Dungeon.
You worshipped Okawaru.
Okawaru was noncommittal.
You visited 1 branch of the dungeon, and saw 4 of its levels.

You collected 168 gold pieces.


Innate Abilities, Weirdness & Mutations

You are very small and have problems with some larger weapons.
You are too small for most types of armour.
You have supernaturally acute eyesight. (SInv)
You cover ground extremely quickly. (Speed+++)
Your muscles are strong. (Str +4, Int/Dex -1)
Your spells are a little harder to cast, but a little more powerful.


   Skills:
 - Level 2.1 Fighting
 + Level 6.5 Ranged Weapons
 - Level 6.1 Dodging
 - Level 1.5 Stealth


You had 5 spell levels left.
You didn't know any spells.
Your spell library was empty.

Inventory:

Hand Weapons
 a - a +0 shortbow (weapon)
Armour
 c - a +0 robe (worn)
Jewellery
 b - an amulet of reflection (around neck)
 e - a ring of resist corrosion (left hand)
Scrolls
 i - a scroll of identify
Potions
 d - a potion of mutation
 g - a potion of enlightenment {unknown}
 h - a potion of heal wounds

Dungeon Overview and Level Annotations

Branches:
Dungeon (4/15)
 Temple: D:4-7

Altars:
Nemelex Xobeh
Okawaru

Shops:
D:3 ([:=

Annotations:
D:3 2 transporters, exclusions: orc and orc wizard
D:4 1 runed translucent door, qw's ghost, novice DjHu


Message History

The plant begins to die.
The plant is engulfed in a cloud of scalding steam.
You shoot an arrow. The arrow hits the steam dragon.
The steam dragon is heavily wounded.
A nearby plant withers and dies.
You shoot an arrow. The arrow hits the steam dragon.
The steam dragon is heavily wounded.
The steam dragon breathes steam at you. The ball of steam misses you.
You hear a bark!
You hear a shout!
You shoot an arrow.
The arrow hits the steam dragon but does no damage.
The steam dragon is heavily wounded.
You are engulfed in a cloud of scalding steam.
A nearby plant withers and dies. x2; You block the steam dragon's attack.
The steam dragon misses you. The adder closely misses you.
You shoot an arrow.
The arrow barely misses the steam dragon.
You are engulfed in a cloud of scalding steam.
The plant is engulfed in a cloud of scalding steam.
The plant begins to die.
The steam dragon completely misses you. The steam dragon closely misses you.
The giant cockroach is engulfed in a cloud of scalding steam.
The giant cockroach dies!
The adder is engulfed in a cloud of scalding steam.
The adder completely misses you.
You shoot an arrow.
The arrow hits the steam dragon but does no damage.
The steam dragon is heavily wounded.
You are engulfed in a cloud of scalding steam.
The adder closely misses you.
The steam dragon completely misses you. x2
A hound comes into view.
2523 ||| READING scroll of teleportation.
As you read the scroll of teleportation, it crumbles to dust.
You feel strangely unstable. The adder closely misses you.
The steam dragon breathes steam at you. The ball of steam hits you!!
Ouch! That really hurt!
You die...

#### #..... ......
....... .P..P ...P.. 7...
7P..7 7....#~# . 7...
7..h7 7..#[#?#
..777P.!777P.P777..#.#~#
.P.......PP..P..P..#.#F#
.....................#W##
.......D@...¤¤.......#S#.
P777..S777¤.¤777....#+#.
7..%7 7P..7 7..#.....
7...777P..777....#...
.!P....P........#.####
...................# #
...$.......P.PP[.P..##
.P777P..777P.P777P..# ..
7P.P7 7.$.7 7...#


You could see a steam dragon (catching breath), a hound (wandering) and an
adder.

Vanquished Creatures
  Sigmund (D:2)
  A bombardier beetle (D:3)
  A hound (D:4)
  2 orc wizards (D:3)
  5 adders
  2 dart slugs (D:1)
  15 orcs
  8 endoplasms
  3 giant cockroaches
  5 goblins
  4 hobgoblins
  6 jackals
  A quokka (D:2)
  7 ball pythons
  3 bats
  2 frilled lizards (D:3)
  7 kobolds
  3 rats
76 creatures vanquished.

Vanquished Creatures (others)
  A giant cockroach (D:4)
1 creature vanquished.

Grand Total: 77 creatures vanquished

Notes
Turn   | Place    | Note
-------+----------+-------------------------------------------
     0 | D:1      | qw the Spriggan Hunter began the quest for the Orb.
     0 | D:1      | Reached XP level 1. HP: 10/10 MP: 2/2
     0 | D:1      | 0 ||| qw: Version: 0.3-a-155-g5e7d8dd
     0 | D:1      | 0 ||| qw: Game counter: 1616
     0 | D:1      | 0 ||| qw: Melee chars always use a shield: true
     0 | D:1      | 0 ||| qw: God list: Okawaru
     0 | D:1      | 0 ||| qw: Allow faded altars: false
     0 | D:1      | 0 ||| qw: Do Orc after clearing Dungeon:15 true
     0 | D:1      | 0 ||| qw: Do second Lair branch before Depths: true
     0 | D:1      | 0 ||| qw: Lair rune preference: random
     0 | D:1      | 0 ||| qw: Goals: Normal
     0 | D:1      | 0 ||| PLANNING D:1-11
    23 | D:1      | Reached skill level 3 in Dodging
   103 | D:1      | Reached XP level 2. HP: 14/14 MP: 3/3
   152 | D:1      | You fall into a shaft and drop 1 floor!
   195 | D:2      | 195 ||| READING scroll labelled ARREJI KUMI.
   196 | D:2      | 196 ||| READING scroll labelled XAEFYCR RUMIRR.
   196 | D:2      | 196 ||| IDENTIFYING sedimented white potion
   197 | D:2      | 197 ||| READING scroll labelled SAPRUG PERCHIURGH.
   201 | D:2      | 201 ||| FLEEEEING.
   202 | D:2      | 202 ||| FLEEEEING.
   203 | D:2      | 203 ||| DRINKING 2 fuming silvery potions.
   232 | D:2      | 232 ||| DROPPING scroll of butterflies.
   233 | D:2      | 233 ||| DROPPING potion of lignification.
   237 | D:2      | 237 ||| FLEEEEING.
   462 | D:1      | Reached XP level 3. HP: 18/18 MP: 4/4
   547 | D:1      | 547 ||| UPGRADING to ring of resist corrosion.
   548 | D:1      | 548 ||| READING scroll labelled KIOPNI WOETO.
   549 | D:1      | 549 ||| READING scroll labelled LALUESK SISTRIDO.
   550 | D:1      | 550 ||| READING 3 scrolls labelled ERYUGU ROOSAFY.
   551 | D:1      | 551 ||| DROPPING 2 scrolls of fear.
   553 | D:1      | 553 ||| Stepping ~*~*~tactically~*~*~ (cloud).
   823 | D:2      | Noticed Sigmund
   833 | D:2      | 833 ||| DRINKING bubbling green potion.
   837 | D:2      | 837 ||| DRINKING orange potion.
   841 | D:2      | Killed Sigmund
   842 | D:2      | Reached skill level 6 in Ranged Weapons
   842 | D:2      | Reached XP level 4. HP: 14/22 MP: 5/5
   842 | D:2      | Reached XP level 5. HP: 16/25 MP: 6/6
  1082 | D:2      | Found a faded altar of an unknown god.
  1159 | D:2      | 1159 ||| UPGRADING to amulet of reflection.
  1262 | D:3      | Found Pattulyl's Antique Weapon Shop.
  1273 | D:3      | 1273 ||| FLEEEEING.
  1319 | D:3      | Found a transporter.
  1319 | D:3      | Found Koresiex's Book Shoppe.
  1457 | D:3      | Found Hakimew's Jewellery Shop.
  1462 | D:3      | Found Idyibaarph's Antique Armour Shoppe.
  1464 | D:3      | 1464 ||| SHOPLISTING +5 ring of evasion (396 gold, have
                  | 115).
  1464 | D:3      | 1464 ||| SHOPLISTING amulet of faith (440 gold, have 115).
  1464 | D:3      | 1464 ||| SHOPLISTING ring of ice (275 gold, have 115).
  1464 | D:3      | 1464 ||| SHOPLISTING ring of protection from fire (275
                  | gold, have 115).
  1471 | D:3      | 1471 ||| SHOPLISTING +3 robe of Clouds {*Thunder rCloud
                  | rElec} (623 gold, have 115).
  1601 | D:3      | Reached XP level 6. HP: 30/30 MP: 7/7
  1655 | D:3      | Found an iron altar of Okawaru.
  1656 | D:3      | 1656 ||| PLANNING OKAWARU WORSHIP
  1656 | D:3      | 1656 ||| READING scroll of identify.
  1656 | D:3      | 1656 ||| IDENTIFYING viscous ruby potion
  1657 | D:3      | 1657 ||| DROPPING potion of degeneration.
  1665 | D:3      | Became a worshipper of Warmaster Okawaru
  1666 | D:3      | 1666 ||| PLANNING D:1-11
  1740 | D:3      | Found a transporter.
  2168 | D:3      | 2168 ||| DRINKING 2 fizzy purple potions.
  2168 | D:3      | Gained mutation: Your spells are a little harder to cast,
                  | but a little more powerful. [potion of mutation]
  2168 | D:3      | Gained mutation: Your muscles are strong. (Str +4, Int/Dex
                  | -1) [potion of mutation]
  2304 | D:4      | Found a sparkling altar of Nemelex Xobeh.
  2390 | D:4      | Reached skill level 6 in Dodging
  2472 | D:4      | Found a runed translucent door.
  2476 | D:4      | Noticed qw's ghost (novice DjHu)
  2510 | D:4      | Noticed a steam dragon
  2513 | D:4      | 2513 ||| Stepping ~*~*~tactically~*~*~ (cloud).
  2521 | D:4      | HP: 7/30 [steam dragon] (7)]
  2523 | D:4      | 2523 ||| READING scroll of teleportation.
  2523 | D:4      | Killed from afar by a steam dragon

Levels and vault maps discovered:
D:1:      dpeg_arrival_rooms_with_view, layout_rooms, st_stairs_4, minivault_11
D:2:      layout_basic, serial_rivers, chequers_serial_rivers_micro_b,
          chequers_serial_rivers_small_3, chequers_serial_rivers_micro_e,
          chequers_serial_rivers_small_b,
          hellmonk_ecumenical_altar_inner_sanctum, serial_park_tiny_pond,
          uniq_sigmund
D:3:      minmay_angry_zag, layout_basic, old_standard_altar, serial_shops,
          nicolae_shop_crystal, shop_statue, nicolae_shop_statue_plus,
          nicolae_shop_drivethru, minmay_crystal_room, minivault_4
D:4:      layout_basic, nemelex_dance_club_becter, ebering_ghost_sewer_d,
          kennysheep_path_1, kennysheep_boxes

Skill      XL: |  1  2  3  4  5  6 |
---------------+-------------------+-----
Dodging        | 3 4 5 6 |  6.1
Ranged Weapons | 6 |  6.5
Fighting       | 2 |  2.1
Stealth        | |  1.5

Action                     |  1- 3 |  4- 6 || total
---------------------------+-------+-------++-------
   Fire: Shortbow          |    91 |   153 ||   244
    Use: Scroll            |     6 |     2 ||     8
         Potion            |     3 |     1 ||     4
 Armour: Skin              |     4 |       ||     4
         Robe              |     8 |    21 ||    29
  Dodge: Dodged            |    30 |    67 ||    97
  Block: Other             |       |    15 ||    15
         Reflection        |       |     1 ||     1

Table legend:
 A = Non-vault XP
 B = Vault XP
 C = Vault XP percentage of total XP
 D = Non-vault monster count
 E = Vault monster count
 F = Vault count percentage of total count
                 A         B        C        D         E       F
            +---------+---------+-------+---------+---------+-------
      Total |     284 |     307 |  51.9 |      64 |      12 |  15.8
            +---------+---------+-------+---------+---------+-------
        D:1 |      20 |      11 |  35.5 |      12 |       5 |  29.4
        D:2 |      45 |     226 |  83.4 |      13 |       1 |   7.1
        D:3 |     135 |      65 |  32.5 |      23 |       4 |  14.8
        D:4 |      84 |       5 |   5.6 |      16 |       2 |  11.1
            +---------+---------+-------+---------+---------+-------
